 Dungeon Crawl Stone Soup version 0.19-a0-1509-ge761a2a (webtiles) character file.

220 TheGoonsmith the Digger (level 5, -2/28 HPs)
             Began as a Gargoyle Earth Elementalist on Sept 11, 2016.
             Killed from afar by an orc wizard (9 damage)
             ... with a puff of flame
             ... on level 3 of the Dungeon.
             The game lasted 00:04:20 (2677 turns).

TheGoonsmith the Digger (GrEE)                      Turns: 2677, Time: 00:04:20

Health: -2/28      AC:  6    Str: 12    XL:     5   Next: 97%
Magic:  0/9        EV: 12    Int: 16    God:
Gold:   97         SH:  0    Dex: 10    Spells: 2 memorised, 6 levels left

rFire  . . .     SeeInvis .     a - +0 hand axe
rCold  . . .     Gourm    .     c - +0 robe
rNeg   + . .     Faith    .     (no shield)
rPois  ∞         Spirit   .     (no helmet)
rElec  +         Dismiss  .     (no cloak)
rCorr  .         Reflect  .     (no gloves)
MR     .....     Harm     .     (no boots)
Stlth  ++........               (no amulet)
                                (no ring)
                                (no ring)

@: no status effects
A: negative energy resistance 1, electricity resistance, unbreathing,
petrification resistance, rot immunity, AC +4
a: no special abilities


You were on level 3 of the Dungeon.
You were not hungry.

You visited 1 branch of the dungeon, and saw 3 of its levels.

You collected 97 gold pieces.

Inventory:

Hand Weapons
 a - a +0 hand axe (weapon)
Missiles
 b - 27 stones (quivered)
Armour
 c - a +0 robe (worn)
 s - a +2 leather armour of poison resistance
Jewellery
 t - a cursed ring of loudness {unknown}
Wands
 n - a wand of slowing (20/48)
 q - a wand of disintegration (7/24)
Scrolls
 g - 2 scrolls of remove curse {unknown}
 h - a scroll of noise {unknown}
 i - 2 scrolls of fog {unknown}
 j - 4 scrolls of teleportation {unknown}
 m - a scroll of enchant armour {unknown}
 o - 2 scrolls of identify {unknown}
 p - a scroll of random uselessness {unknown}
 r - a scroll of recharging {unknown}
Potions
 k - 2 potions of curing {unknown}
 l - a potion of flight {unknown}
Books
 e - a book of Geomancy

   Spells                             Type                      Level
   a - Sandblast                      Earth                        1
   b - Passwall                       Transmutation/Earth          2
   c - Stone Arrow                    Conjuration/Earth            3
   d - Petrify                        Transmutation/Earth          4
   e - Lee's Rapid Deconstruction     Earth                        5
Comestibles
 d - 2 bread rations
 f - a meat ration
 u - a slice of pizza
 v - 2 chunks of flesh


   Skills:
 - Level 1.5 Dodging
 - Level 2.1 Stealth
 - Level 3.0 Spellcasting
 + Level 2.0 Conjurations
   Level 0.7 Transmutations
 * Level 6.6 Earth Magic


You had 6 spell levels left.
You knew the following spells:

 Your Spells              Type           Power        Failure   Level  Hunger
a - Sandblast             Erth           ###...       1%          1    #......
x - Stone Arrow           Conj/Erth      ###...       12%         3    ###....


Dungeon Overview and Level Annotations

Branches:
Dungeon (3/15)

Altars:
Cheibriados
Makhleb
Nemelex Xobeh


Innate Abilities, Weirdness & Mutations

You are resistant to torment.
Your stone body is resilient. (AC +4)
You are immune to poison.
You resist negative energy. (rN+)
You are resistant to electric shocks. (rElec)
You can survive without breathing.
You are immune to petrification.
You are immune to rotting.


Message History

The orc wizard is almost dead.
The orc wizard points at you and mumbles some strange words.
The puff of flame hits you!
* * * LOW HITPOINT WARNING * * *
The orc wizard closely misses you.
You are too injured to fight recklessly!
Casting: Sandblast
Confirm with . or Enter, or press ? or * to list all spells.
Aiming: Sandblast
Press: ? - help, Shift-Dir - straight line, f/p - orc wizard
Aim: an orc wizard, wielding a dagger and wearing a robe (almost dead)
The blast of sand hits the orc wizard.
The orc wizard is almost dead.
The orc wizard mumbles some strange words.
The orc wizard flickers and vanishes!
Deactivating autopickup; reactivate with Ctrl-A.
You closely miss something. Something hits you but does no damage.
A puff of flame appears from out of thin air!
The puff of flame hits you!
You die...

#######.####
#.......#
#....#..#
#....#..####
#....#.....#
#...#.#.###.#
#...#.#.#...#
....
#...#.#########
####
#####....@....#
########{##
...#....#
..####.#.####
....o.oo.#
..####.### #.
#. o.


There were no monsters in sight!

Vanquished Creatures
  A howler monkey (D:3)
  Natasha (thrice) (D:2)
  4 adders
  An ooze (D:3)
  4 dart slugs
  2 giant geckos
  5 orcs (D:3)
  2 ball pythons (D:1)
  3 giant cockroaches
  A goblin (D:1)
  4 hobgoblins
  3 jackals (D:1)
  2 quokkas
  6 bats
  9 kobolds
  8 rats
58 creatures vanquished.

Notes
Turn   | Place    | Note
-------+----------+-------------------------------------------
     0 | D:1      | TheGoonsmith the Gargoyle Earth Elementalist began the quest for the Orb.
     0 | D:1      | Reached XP level 1. HP: 10/10 MP: 3/3
   169 | D:1      | Reached skill level 4 in Earth Magic
   217 | D:1      | Reached XP level 2. HP: 12/15 MP: 0/5
   406 | D:1      | Reached XP level 3. HP: 16/19 MP: 2/6
  1350 | D:2      | Reached skill level 5 in Earth Magic
  1582 | D:2      | Reached XP level 4. HP: 22/24 MP: 5/8
  1677 | D:2      | You fall through a shaft!
  1688 | D:3      | Found a snail-covered altar of Cheibriados.
  2194 | D:2      | Found a sparkling altar of Nemelex Xobeh.
  2305 | D:2      | Learned a level 3 spell: Stone Arrow
  2371 | D:2      | Noticed Natasha
  2376 | D:2      | Killed Natasha
  2376 | D:2      | Reached XP level 5. HP: 28/28 MP: 6/9
  2437 | D:2      | Found a burning altar of Makhleb.
  2587 | D:2      | Noticed Natasha
  2591 | D:2      | Killed Natasha
  2591 | D:2      | Reached skill level 1 in Conjurations
  2591 | D:2      | Reached skill level 6 in Earth Magic
  2602 | D:2      | Noticed Natasha
  2604 | D:2      | Killed Natasha
  2677 | D:3      | Killed from afar by an orc wizard

Vault maps used:
D:1:      dpeg_arrival_chase, serial_glass, glass_columns_c, glass_columns_c
D:2:      nicolae_overflow_crystal_walls, marbit_many_paths, first_bread,
          uniq_natasha
D:3:      cheibriados_altar_wand_db, uniq_grinder

Skill      XL: |  1  2  3  4  5 |
---------------+----------------+-----
Earth Magic    | 4 5 6 |  6.6
Spellcasting   | 3 |  3.0
Conjurations   | 2 |  2.0
Dodging        | |  1.5
Stealth        | |  2.1
Transmutations | |  0.7

Action                   |  1- 3 |  4- 6 || total
-------------------------+-------+-------++-------
Melee: Hand axe          |    15 |     6 ||    21
 Cast: Sandblast         |    69 |    65 ||   134
 Stab: Sleeping          |     1 |       ||     1
  Eat: Chunk             |     2 |     4 ||     6
Armor: Robe              |    21 |    12 ||    33
Dodge: Dodged            |    33 |    26 ||    59
